Tappara Tampere vs Sarnia Sailors
Created - Wednesday, January 3, 2024 at 07:10
Goals
|
| Tappara Tampere |
0 |
0 |
2 |
2 |
| Sarnia Sailors |
4 |
0 |
0 |
4 |
|
Shots
|
| Tappara Tampere |
13 |
6 |
25 |
44 |
| Sarnia Sailors |
12 |
8 |
20 |
40 |
|
1st period
1. Sarnia Sailors , Vasily Podkolzin 9 (Tristen Nielsen 5) at 3:00 (PP)
2. Sarnia Sailors , Vasily Podkolzin 10 (Kevin Stenlund 10) at 7:53
3. Sarnia Sailors , Keegan Kolesar 5 (Kevin Stenlund 11) at 8:15
4. Sarnia Sailors , Kevin Stenlund 5 (Vasily Podkolzin 4, Keegan Kolesar 11) at 19:34
Penalties :
Andy Andreoff (TAP) for Hooking (Minor) at 2:59, Andrew Poturalski (TAP) for Tripping (Minor) at 11:32, Adam Ginning (SAR) for Roughing (Minor) at 16:13
2nd period
No Goal
Penalties :
Dominic Toninato (SAR) for Tripping (Minor) at 2:39, Andrew Poturalski (TAP) for Hooking (Minor) at 8:40, Keegan Kolesar (SAR) for Fighting (Major) at 14:44, Cam York (TAP) for Fighting (Major) at 14:44, Declan Chisholm (SAR) for Fighting (Major) at 15:47, Kiefer Sherwood (TAP) for Fighting (Major) at 15:47
3rd period
5. Tappara Tampere , Kent Johnson 7 (Kiefer Sherwood 8, Mattias Janmark 7) at 5:17
6. Tappara Tampere , Andy Andreoff 5 (Alex Goligoski 4) at 9:21 (SH)
Penalties :
Jack Rathbone (SAR) for Fighting (Major) at 0:07, Stefan Noesen (TAP) for Fighting (Major) at 0:07, Adam Ginning (SAR) for Fighting (Major) at 0:10, Jaycob Megna (TAP) for Fighting (Major) at 0:10, Alex Goligoski (TAP) for Boarding (Minor) at 6:02, Fredrik Karlstrom (TAP) for Holding Stick (Minor) at 8:36, Cole Reinhardt (SAR) for Hooking (Minor) at 15:32, Cole Reinhardt (SAR) for Tripping (Minor) at 19:57
Goalie Stats
Alex Stalock (TAP), 36 saves from 40 shots - (0.900), L, 7-5-2, 60:00 minutes
Laurent Brossoit (SAR), 42 saves from 44 shots - (0.955), W, 8-4-1, 60:00 minutes
Players Stats for Tappara Tampere
Player Name G A P +/- PIM S H SB GA TA FO MP PP MP PK MP
------------------------------------------------------------------------------------
Alex Goligoski 0 1 1 1 2 2 2 2 0 1 0/0 19:56 2:18 2:53
Andrew Poturalski 0 0 0 -1 4 4 0 0 2 0 7/15 13:07 0:00 0:00
Andy Andreoff 1 0 1 0 2 4 1 0 0 1 7/9 18:51 2:26 3:51
Cam York 0 0 0 0 5 1 1 0 0 0 0/0 21:56 2:18 3:55
Chad Ruhwedel 0 0 0 -1 0 3 1 0 0 1 0/0 22:56 3:41 4:02
Fredrik Karlstrom 0 0 0 -1 2 2 2 0 0 0 0/0 14:57 0:00 0:07
Jan Rutta 0 0 0 -2 0 0 1 0 0 1 0/0 17:14 0:00 0:00
Jaycob Megna 0 0 0 0 5 5 0 1 0 0 0/0 21:35 3:41 4:24
Jiri Kulich 0 0 0 0 0 1 1 0 1 0 0/0 7:46 0:00 0:00
Kent Johnson 1 0 1 0 0 4 2 0 1 0 5/13 16:03 3:33 0:00
Kiefer Sherwood 0 1 1 0 5 3 1 0 0 0 0/0 14:16 3:33 0:00
Logan O'Connor 0 0 0 -1 0 4 1 0 0 0 0/1 18:53 2:26 3:59
Lukas Svejkovsky 0 0 0 0 0 0 2 0 0 0 0/0 7:46 0:00 0:00
Mattias Janmark 0 1 1 1 0 2 1 0 1 0 4/9 20:30 3:33 3:51
Phillip Di Giuseppe 0 0 0 -1 0 6 2 2 1 0 1/2 13:57 0:00 0:07
Stefan Noesen 0 0 0 -1 5 3 0 0 0 0 3/9 17:58 2:26 3:59
Urho Vaakanainen 0 0 0 0 0 0 1 0 0 0 0/0 16:27 0:00 0:40
William Eklund 0 0 0 0 0 0 2 0 1 1 2/3 7:46 0:00 0:00
Players Stats for Sarnia Sailors
Player Name G A P +/- PIM S H SB GA TA FO MP PP MP PK MP
------------------------------------------------------------------------------------
Adam Erne 0 0 0 -1 0 0 0 0 0 1 0/0 16:30 0:00 3:36
Adam Ginning 0 0 0 0 7 0 1 3 0 1 0/0 20:52 3:03 2:45
Brad Lambert 0 0 0 0 0 1 0 3 0 0 1/1 14:21 3:03 0:32
Cole Reinhardt 0 0 0 0 4 1 1 0 0 1 0/0 13:22 3:36 0:24
Daniel Torgersson 0 0 0 0 0 1 0 0 0 0 0/0 8:41 0:00 0:00
Declan Chisholm 0 0 0 2 5 1 2 2 0 0 0/0 18:20 0:31 1:59
Dominic Toninato 0 0 0 0 2 0 0 0 0 0 2/6 12:37 0:14 0:37
Jack Rathbone 0 0 0 2 5 1 2 2 0 0 0/0 25:12 4:23 4:00
Jamie Drysdale 0 0 0 -1 0 1 0 1 1 0 0/0 20:31 4:54 0:00
Jesse Puljujarvi 0 0 0 -1 0 4 2 0 2 1 0/2 16:13 3:23 0:00
Keegan Kolesar 1 1 2 2 5 9 0 1 0 0 0/3 18:55 4:12 1:23
Kevin Stenlund 1 2 3 3 0 6 1 0 0 1 19/30 22:12 3:36 3:33
Laurent Dauphin 0 0 0 0 0 4 1 0 0 0 0/4 10:28 0:00 1:23
Lucas Edmonds 0 0 0 0 0 1 2 0 2 0 0/0 9:58 0:22 0:00
Robert Hamilton 0 0 0 0 0 0 0 2 0 1 0/0 14:27 0:00 1:59
Tristen Nielsen 0 1 1 -2 0 1 5 1 0 0 9/13 16:39 4:16 0:00
Vasily Podkolzin 2 1 3 2 0 8 0 1 0 1 1/2 20:01 4:12 0:30
Zach Uens 0 0 0 -1 0 1 2 0 0 0 0/0 14:34 0:00 1:15
3 Stars
1 - Vasily Podkolzin (SAR)
2 - Kevin Stenlund (SAR)
3 - Laurent Brossoit (SAR)
Power Play
Tappara Tampere - 0 on 4 Attempt(s) - 0.00%
Sarnia Sailors - 1 on 5 Attempt(s) - 20.00%
Penalty Kill
Tappara Tampere - 4 on 5 Attempt(s) - 80.00%
- Score 1 goal in Penalty Kill
Sarnia Sailors - 4 on 4 Attempt(s) - 100.00%
- Score 0 goal in Penalty Kill
Team Stat
Tappara Tampere - Hits : 21 - Faceoff Wins : 29 - Blocked Shots : 5 - Penalty Minutes : 30
Sarnia Sailors - Hits : 19 - Faceoff Wins : 32 - Blocked Shots : 16 - Penalty Minutes : 28
Official
Referees : Brad Meier and Mark Lemelin
Linesman : Ryan Galloway and Shane Heyer
Game Notes
Keegan Kolesar and Cam York fight to a draw at 14:44 of 2nd period
Declan Chisholm and Kiefer Sherwood fight to a draw at 15:47 of 2nd period
Stefan Noesen beats up Jack Rathbone at 0:07 of 3rd period
Adam Ginning and Jaycob Megna fight to a draw at 0:10 of 3rd period
Tappara Tampere
5 vs 5 Forward
Center Left Wing Right Wing Time % Phy DF OF
1 Andy Andreoff Stefan Noesen Logan O'Connor 31 1 2 2
2 Kent Johnson Mattias Janmark Kiefer Sherwood 31 1 2 2
3 Andrew Poturalski Phillip Di Giuseppe Fredrik Karlstrom 26 1 2 2
4 William Eklund Jiri Kulich Lukas Svejkovsky 12 1 2 2
5 vs 5 Defense
Defense Defense Time % Phy DF OF
1 Alex Goligoski Cam York 30 1 2 2
2 Jaycob Megna Chad Ruhwedel 30 1 2 2
3 Jan Rutta Urho Vaakanainen 25 1 2 2
4 Jan Rutta Cam York 15 1 2 2
PowerPlay Forward
Center Left Wing Right Wing Time % Phy DF OF
1 Andy Andreoff Stefan Noesen Logan O'Connor 50 1 2 2
2 Kent Johnson Mattias Janmark Kiefer Sherwood 50 1 2 2
PowerPlay Defense
Defense Defense Time % Phy DF OF
1 Alex Goligoski Cam York 50 1 2 2
2 Jaycob Megna Chad Ruhwedel 50 1 2 2
Penalty Kill 4 Players Forward
Center Wing Time % Phy DF OF
1 Stefan Noesen Logan O'Connor 50 1 2 2
2 Mattias Janmark Andy Andreoff 50 1 2 2
Penalty Kill 4 Players Defense
Defense Defense Time % Phy DF OF
1 Alex Goligoski Cam York 50 1 2 2
2 Jaycob Megna Chad Ruhwedel 50 1 2 2
Penalty Kill - 3 Players Forward
Forward Time % Phy DF OF
1 Stefan Noesen 50 1 2 2
2 Logan O'Connor 50 1 2 2
Penalty Kill - 3 Players Defense
Defense Defense Time % Phy DF OF
1 Alex Goligoski Cam York 50 1 2 2
2 Jaycob Megna Chad Ruhwedel 50 1 2 2
4 vs 4 Forward
Center Wing Time % Phy DF OF
1 Stefan Noesen Logan O'Connor 50 1 2 2
2 Mattias Janmark Andy Andreoff 50 1 2 2
4 vs 4 Defense
Defense Defense Time % Phy DF OF
1 Alex Goligoski Cam York 50 1 2 2
2 Jaycob Megna Chad Ruhwedel 50 1 2 2
Last Minutes Offensive
Center Left Wing Right Wing Defense Defense
Andy Andreoff Stefan Noesen Logan O'Connor Jan Rutta Cam York
Last Minutes Defensive
Center Left Wing Right Wing Defense Defense
Andy Andreoff Stefan Noesen Logan O'Connor Jan Rutta Cam York
Goaltenders
Starting : Alex Stalock
Backup : Petr Mrazek
Extra Forwards
Normal : Fredrik Karlstrom, Phillip Di Giuseppe, Andrew Poturalski - PP : Fredrik Karlstrom, Phillip Di Giuseppe - PK : Andrew Poturalski
Extra Defensemen
Normal : Cam York, Urho Vaakanainen, Jaycob Megna - PP : Cam York - PK : Urho Vaakanainen, Jaycob Megna
Penalty Shots
Stefan Noesen, Logan O'Connor, Mattias Janmark, Andy Andreoff, Kiefer Sherwood
Sarnia Sailors
5 vs 5 Forward
Center Left Wing Right Wing Time % Phy DF OF
1 Kevin Stenlund Vasily Podkolzin Keegan Kolesar 40 2 1 2
2 Tristen Nielsen Adam Erne Jesse Puljujarvi 30 2 1 2
3 Dominic Toninato Cole Reinhardt Lucas Edmonds 20 1 2 2
4 Laurent Dauphin Daniel Torgersson Brad Lambert 10 2 1 2
5 vs 5 Defense
Defense Defense Time % Phy DF OF
1 Declan Chisholm Jack Rathbone 40 1 2 2
2 Jamie Drysdale Adam Ginning 30 2 1 2
3 Zach Uens Robert Hamilton 20 2 2 1
4 Adam Ginning Jack Rathbone 10 1 2 2
PowerPlay Forward
Center Left Wing Right Wing Time % Phy DF OF
1 Tristen Nielsen Vasily Podkolzin Keegan Kolesar 60 0 1 4
2 Kevin Stenlund Cole Reinhardt Jesse Puljujarvi 40 0 1 4
PowerPlay Defense
Defense Defense Time % Phy DF OF
1 Jamie Drysdale Jack Rathbone 60 1 1 3
2 Adam Ginning Brad Lambert 40 2 1 2
Penalty Kill 4 Players Forward
Center Wing Time % Phy DF OF
1 Kevin Stenlund Adam Erne 60 2 2 1
2 Laurent Dauphin Keegan Kolesar 40 2 2 1
Penalty Kill 4 Players Defense
Defense Defense Time % Phy DF OF
1 Adam Ginning Jack Rathbone 60 2 1 2
2 Declan Chisholm Robert Hamilton 40 2 2 1
Penalty Kill - 3 Players Forward
Forward Time % Phy DF OF
1 Kevin Stenlund 60 2 2 1
2 Tristen Nielsen 40 2 2 1
Penalty Kill - 3 Players Defense
Defense Defense Time % Phy DF OF
1 Adam Ginning Jack Rathbone 60 2 1 2
2 Declan Chisholm Robert Hamilton 40 2 2 1
4 vs 4 Forward
Center Wing Time % Phy DF OF
1 Kevin Stenlund Keegan Kolesar 60 2 1 2
2 Tristen Nielsen Vasily Podkolzin 40 2 1 2
4 vs 4 Defense
Defense Defense Time % Phy DF OF
1 Declan Chisholm Jack Rathbone 60 1 2 2
2 Jamie Drysdale Adam Ginning 40 2 1 2
Last Minutes Offensive
Center Left Wing Right Wing Defense Defense
Tristen Nielsen Vasily Podkolzin Keegan Kolesar Jamie Drysdale Jack Rathbone
Last Minutes Defensive
Center Left Wing Right Wing Defense Defense
Kevin Stenlund Adam Erne Tristen Nielsen Jamie Drysdale Jack Rathbone
Goaltenders
Starting : Laurent Brossoit
Backup : Remi Poirier
Extra Forwards
Normal : Brad Lambert, Cole Reinhardt, Lucas Edmonds - PP : Brad Lambert, Cole Reinhardt - PK : Dominic Toninato
Extra Defensemen
Normal : Zach Uens, Declan Chisholm, Jamie Drysdale - PP : Jamie Drysdale - PK : Zach Uens, Declan Chisholm
Penalty Shots
Tristen Nielsen, Vasily Podkolzin, Keegan Kolesar, Kevin Stenlund, Cole Reinhardt
% Time on Ice - Tappara Tampere
Lines # - Real PCT - Wanted PCT - Time Play
Normal Forward
1 - 28% - 31% - 13:03
2 - 29% - 31% - 13:11
3 - 26% - 26% - 12:04
4 - 17% - 12% - 7:46
Normal Defense
1 - 31% - 30% - 14:14
2 - 33% - 30% - 15:10
3 - 25% - 25% - 11:26
4 - 11% - 15% - 5:14
PP Forward
1 - 41% - 50% - 2:26
2 - 59% - 50% - 3:33
PP Defense
1 - 38% - 50% - 2:18
2 - 62% - 50% - 3:41
PK Forward
1 - 51% - 50% - 4:01
2 - 49% - 50% - 3:56
PK Defense
1 - 49% - 50% - 3:55
2 - 51% - 50% - 4:02
PK3 Forward
1 - 0% - 50%
2 - 0% - 50%
PK3 Defense
1 - 0% - 50%
2 - 0% - 50%
44 Forward
1 - 0% - 50%
2 - 0% - 50%
44 Defense
1 - 0% - 50%
2 - 0% - 50%
Last Minute Offensive - 0:00
Last Minute Defensive - 0:00
Total
Forward - 60:00
Defense - 60:00
|
% Time on Ice - Sarnia Sailors
Lines # - Real PCT - Wanted PCT - Time Play
Normal Forward
1 - 33% - 40% - 15:14
2 - 29% - 30% - 13:14
3 - 19% - 20% - 8:55
4 - 19% - 10% - 8:41
Normal Defense
1 - 38% - 40% - 17:24
2 - 31% - 30% - 14:10
3 - 20% - 20% - 9:06
4 - 12% - 10% - 5:24
PP Forward
1 - 55% - 60% - 4:21
2 - 45% - 40% - 3:36
PP Defense
1 - 62% - 60% - 4:54
2 - 38% - 40% - 3:03
PK Forward
1 - 77% - 60% - 4:36
2 - 23% - 40% - 1:23
PK Defense
1 - 67% - 60% - 4:00
2 - 33% - 40% - 1:59
PK3 Forward
1 - 0% - 60%
2 - 0% - 40%
PK3 Defense
1 - 0% - 60%
2 - 0% - 40%
44 Forward
1 - 0% - 60%
2 - 0% - 40%
44 Defense
1 - 0% - 60%
2 - 0% - 40%
Last Minute Offensive - 0:00
Last Minute Defensive - 0:00
Total
Forward - 60:00
Defense - 60:00
|
Play-by-Play
1st period
0:01 of 1st period - Andy Andreoff wins face-off versus Kevin Stenlund in neutral zone.
0:04 of 1st period - Wrist shot by Andy Andreoff.
0:04 of 1st period - Shot Misses the Net.
0:06 of 1st period - Snap shot by Logan O'Connor.
0:06 of 1st period - Stopped by Laurent Brossoit with a rebound.
1:13 of 1st period - Wrist shot by Jiri Kulich.
1:13 of 1st period - Stopped by Laurent Brossoit with a rebound.
1:15 of 1st period - Wrist shot by Chad Ruhwedel.
1:15 of 1st period - Stopped by Laurent Brossoit with a rebound.
2:09 of 1st period - Dominic Toninato is hit by Phillip Di Giuseppe and loses puck.
2:20 of 1st period - Wrist shot by Cole Reinhardt.
2:20 of 1st period - Stopped by Alex Stalock with a rebound.
2:32 of 1st period - Slapshot by Vasily Podkolzin.
2:32 of 1st period - Stopped by Alex Stalock with a rebound.
2:59 of 1st period - Minor Penalty to Andy Andreoff for Hooking.
3:00 of 1st period - Tristen Nielsen wins face-off versus Stefan Noesen in Tappara Tampere zone.
3:00 of 1st period - Wrist shot by Vasily Podkolzin.
3:00 of 1st period - Goal by Vasily Podkolzin - Tappara Tampere : 0 - Sarnia Sailors : 1.
3:01 of 1st period - Tristen Nielsen wins face-off versus Mattias Janmark in neutral zone.
3:27 of 1st period - Kevin Stenlund is hit by Phillip Di Giuseppe and loses puck.
3:36 of 1st period - Slapshot by Kevin Stenlund.
3:36 of 1st period - Shot Blocked by Jaycob Megna.
4:10 of 1st period - Snap shot by Laurent Dauphin.
4:10 of 1st period - Stopped by Alex Stalock without a rebound.
4:11 of 1st period - William Eklund wins face-off versus Laurent Dauphin in Tappara Tampere zone.
4:38 of 1st period - Icing by Vasily Podkolzin.
4:39 of 1st period - Kevin Stenlund wins face-off versus Kent Johnson in Sarnia Sailors zone.
5:47 of 1st period - Snap shot by Vasily Podkolzin.
5:47 of 1st period - Shot Misses the Net.
6:07 of 1st period - Snap shot by Mattias Janmark.
6:07 of 1st period - Shot Misses the Net.
6:09 of 1st period - Snap shot by Mattias Janmark.
6:09 of 1st period - Shot Blocked by Jack Rathbone.
6:11 of 1st period - Backhand shot by Chad Ruhwedel.
6:11 of 1st period - Deflect By Laurent Dauphin.
6:11 of 1st period - Stopped by Laurent Brossoit with a rebound.
6:13 of 1st period - Wrist shot by Mattias Janmark.
6:13 of 1st period - Shot Misses the Net.
6:27 of 1st period - Wrist shot by Phillip Di Giuseppe.
6:27 of 1st period - Shot Misses the Net.
6:29 of 1st period - Slapshot by Chad Ruhwedel.
6:29 of 1st period - Shot Blocked by Tristen Nielsen.
6:31 of 1st period - Slapshot by Andrew Poturalski.
6:31 of 1st period - Stopped by Laurent Brossoit with a rebound.
6:33 of 1st period - Slapshot by Chad Ruhwedel.
6:33 of 1st period - Shot Blocked by Declan Chisholm.
6:42 of 1st period - Off-side.
6:43 of 1st period - Dominic Toninato wins face-off versus William Eklund in neutral zone.
7:14 of 1st period - Wrist shot by Kent Johnson.
7:14 of 1st period - Stopped by Laurent Brossoit without a rebound.
7:15 of 1st period - Mattias Janmark wins face-off versus Kevin Stenlund in Sarnia Sailors zone.
7:30 of 1st period - Slapshot by Keegan Kolesar.
7:30 of 1st period - Stopped by Alex Stalock without a rebound.
7:31 of 1st period - Tristen Nielsen wins face-off versus Stefan Noesen in Tappara Tampere zone.
7:41 of 1st period - Off-side.
7:42 of 1st period - Andrew Poturalski wins face-off versus Vasily Podkolzin in neutral zone.
7:53 of 1st period - Slapshot by Vasily Podkolzin.
7:53 of 1st period - Goal by Vasily Podkolzin - Tappara Tampere : 0 - Sarnia Sailors : 2.
7:54 of 1st period - Stefan Noesen wins face-off versus Tristen Nielsen in neutral zone.
8:02 of 1st period - Cam York is hit by Jesse Puljujarvi and loses puck.
8:07 of 1st period - Wrist shot by Jesse Puljujarvi.
8:07 of 1st period - Stopped by Alex Stalock without a rebound.
8:08 of 1st period - Kevin Stenlund wins face-off versus Mattias Janmark in Tappara Tampere zone.
8:09 of 1st period - Snap shot by Keegan Kolesar.
8:09 of 1st period - Stopped by Alex Stalock with a rebound.
8:15 of 1st period - Wrist shot by Keegan Kolesar.
8:15 of 1st period - Goal by Keegan Kolesar - Tappara Tampere : 0 - Sarnia Sailors : 3.
8:16 of 1st period - Tristen Nielsen wins face-off versus Kent Johnson in neutral zone.
9:04 of 1st period - Dominic Toninato is hit by Lukas Svejkovsky and loses puck.
10:01 of 1st period - Cam York is hit by Adam Ginning and loses puck.
10:22 of 1st period - Cam York is hit by Lucas Edmonds.
11:10 of 1st period - Adam Ginning is hit by Lukas Svejkovsky and loses puck.
11:23 of 1st period - Wrist shot by Phillip Di Giuseppe.
11:23 of 1st period - Stopped by Laurent Brossoit without a rebound.
11:24 of 1st period - Kevin Stenlund wins face-off versus Andrew Poturalski in Sarnia Sailors zone.
11:32 of 1st period - Minor Penalty to Andrew Poturalski for Tripping.
11:33 of 1st period - Vasily Podkolzin wins face-off versus Mattias Janmark in Tappara Tampere zone.
11:55 of 1st period - Mattias Janmark is hit by Tristen Nielsen.
12:15 of 1st period - Slapshot by Kevin Stenlund.
12:15 of 1st period - Stopped by Alex Stalock with a rebound.
13:32 of 1st period - Penalty to Andrew Poturalski is over, Andrew Poturalski is back on ice.
13:43 of 1st period - Snap shot by Jiri Kulich.
13:43 of 1st period - Shot Misses the Net.
15:43 of 1st period - Slapshot by Kent Johnson.
15:43 of 1st period - Shot Blocked by Jamie Drysdale.
15:45 of 1st period - Snap shot by Chad Ruhwedel.
15:45 of 1st period - Stopped by Laurent Brossoit with a rebound.
15:47 of 1st period - Snap shot by Kiefer Sherwood.
15:47 of 1st period - Stopped by Laurent Brossoit with a rebound.
15:54 of 1st period - Icing by Vasily Podkolzin.
15:55 of 1st period - Andy Andreoff wins face-off versus Laurent Dauphin in Sarnia Sailors zone.
15:58 of 1st period - Slapshot by Andy Andreoff.
15:58 of 1st period - Stopped by Laurent Brossoit with a rebound.
16:13 of 1st period - Minor Penalty to Adam Ginning for Roughing.
16:14 of 1st period - Kevin Stenlund wins face-off versus Stefan Noesen in Sarnia Sailors zone.
17:03 of 1st period - Wrist shot by Keegan Kolesar.
17:03 of 1st period - Stopped by Alex Stalock without a rebound.
17:04 of 1st period - Andy Andreoff wins face-off versus Keegan Kolesar in Tappara Tampere zone.
17:15 of 1st period - Snap shot by Stefan Noesen.
17:15 of 1st period - Deflect By Andy Andreoff.
17:15 of 1st period - Shot Misses the Net.
17:15 of 1st period - Puck is out of play.
17:16 of 1st period - Kevin Stenlund wins face-off versus Kent Johnson in Sarnia Sailors zone.
17:32 of 1st period - Icing by Mattias Janmark.
17:33 of 1st period - Mattias Janmark wins face-off versus Kevin Stenlund in Tappara Tampere zone.
18:13 of 1st period - Penalty to Adam Ginning is over, Adam Ginning is back on ice.
18:18 of 1st period - Snap shot by Kiefer Sherwood.
18:18 of 1st period - Stopped by Laurent Brossoit with a rebound.
18:30 of 1st period - Snap shot by Kent Johnson.
18:30 of 1st period - Stopped by Laurent Brossoit without a rebound.
18:31 of 1st period - Andy Andreoff wins face-off versus Dominic Toninato in Sarnia Sailors zone.
18:32 of 1st period - Wrist shot by Stefan Noesen.
18:32 of 1st period - Shot Blocked by Declan Chisholm.
18:34 of 1st period - Snap shot by Stefan Noesen.
18:34 of 1st period - Shot Misses the Net.
18:36 of 1st period - Wrist shot by Stefan Noesen.
18:36 of 1st period - Stopped by Laurent Brossoit without a rebound.
18:37 of 1st period - Andy Andreoff wins face-off versus Dominic Toninato in Sarnia Sailors zone.
18:38 of 1st period - Snap shot by Stefan Noesen.
18:38 of 1st period - Shot Misses the Net.
18:48 of 1st period - Wrist shot by Logan O'Connor.
18:48 of 1st period - Shot Misses the Net.
19:14 of 1st period - Slapshot by Jesse Puljujarvi.
19:14 of 1st period - Shot Misses the Net.
19:34 of 1st period - Wrist shot by Kevin Stenlund.
19:34 of 1st period - Goal by Kevin Stenlund - Tappara Tampere : 0 - Sarnia Sailors : 4.
19:35 of 1st period - Kent Johnson wins face-off versus Keegan Kolesar in neutral zone.
Goals for this period are 0 for Tappara Tampere vs 4 for Sarnia Sailors.
Shots for this period are 13 for Tappara Tampere vs 12 for Sarnia Sailors.
2nd period
0:01 of 2nd period - Kevin Stenlund wins face-off versus Andrew Poturalski in neutral zone.
0:06 of 2nd period - Wrist shot by Keegan Kolesar.
0:06 of 2nd period - Shot Misses the Net.
1:00 of 2nd period - Snap shot by Logan O'Connor.
1:00 of 2nd period - Stopped by Laurent Brossoit with a rebound.
1:02 of 2nd period - Snap shot by Jaycob Megna.
1:02 of 2nd period - Stopped by Laurent Brossoit with a rebound.
1:16 of 2nd period - Snap shot by Laurent Dauphin.
1:16 of 2nd period - Shot Misses the Net.
1:18 of 2nd period - Slapshot by Robert Hamilton.
1:18 of 2nd period - Deflect By Laurent Dauphin.
1:18 of 2nd period - Stopped by Alex Stalock with a rebound.
1:20 of 2nd period - Slapshot by Robert Hamilton.
1:20 of 2nd period - Shot Misses the Net.
2:06 of 2nd period - Wrist shot by Tristen Nielsen.
2:06 of 2nd period - Shot Misses the Net.
2:18 of 2nd period - Snap shot by Brad Lambert.
2:18 of 2nd period - Shot Misses the Net.
2:20 of 2nd period - Snap shot by Brad Lambert.
2:20 of 2nd period - Shot Misses the Net.
2:22 of 2nd period - Wrist shot by Daniel Torgersson.
2:22 of 2nd period - Stopped by Alex Stalock with a rebound.
2:24 of 2nd period - Wrist shot by Jack Rathbone.
2:24 of 2nd period - Shot Misses the Net.
2:26 of 2nd period - Backhand shot by Daniel Torgersson.
2:26 of 2nd period - Shot Misses the Net.
2:39 of 2nd period - Minor Penalty to Dominic Toninato for Tripping.
2:40 of 2nd period - Kent Johnson wins face-off versus Kevin Stenlund in Sarnia Sailors zone.
2:47 of 2nd period - Snap shot by Kent Johnson.
2:47 of 2nd period - Stopped by Laurent Brossoit without a rebound.
2:48 of 2nd period - Kevin Stenlund wins face-off versus Mattias Janmark in Sarnia Sailors zone.
3:22 of 2nd period - Snap shot by Logan O'Connor.
3:22 of 2nd period - Shot Misses the Net.
4:00 of 2nd period - Jack Rathbone is hit by Kiefer Sherwood and loses puck.
4:39 of 2nd period - Penalty to Dominic Toninato is over, Dominic Toninato is back on ice.
4:52 of 2nd period - Wrist shot by Cole Reinhardt.
4:52 of 2nd period - Shot Blocked by Phillip Di Giuseppe.
4:54 of 2nd period - Wrist shot by Lucas Edmonds.
4:54 of 2nd period - Shot Blocked by Alex Goligoski.
4:56 of 2nd period - Snap shot by Dominic Toninato.
4:56 of 2nd period - Shot Misses the Net.
6:33 of 2nd period - Daniel Torgersson is hit by William Eklund.
6:43 of 2nd period - Lukas Svejkovsky is hit by Laurent Dauphin and loses puck.
7:34 of 2nd period - Keegan Kolesar is hit by Fredrik Karlstrom and loses puck.
7:59 of 2nd period - Declan Chisholm is hit by Andy Andreoff and loses puck.
8:23 of 2nd period - Adam Erne is hit by William Eklund and loses puck.
8:40 of 2nd period - Minor Penalty to Andrew Poturalski for Hooking.
8:41 of 2nd period - Tristen Nielsen wins face-off versus Stefan Noesen in Tappara Tampere zone.
8:55 of 2nd period - Cam York is hit by Jack Rathbone and loses puck.
9:06 of 2nd period - Jack Rathbone is hit by Alex Goligoski and loses puck.
10:28 of 2nd period - Mattias Janmark is hit by Tristen Nielsen and loses puck.
10:40 of 2nd period - Penalty to Andrew Poturalski is over, Andrew Poturalski is back on ice.
10:52 of 2nd period - Slapshot by Lucas Edmonds.
10:52 of 2nd period - Shot Misses the Net.
11:04 of 2nd period - Wrist shot by Daniel Torgersson.
11:04 of 2nd period - Shot Blocked by Phillip Di Giuseppe.
11:32 of 2nd period - Icing by Jan Rutta.
11:33 of 2nd period - Dominic Toninato wins face-off versus Kent Johnson in Tappara Tampere zone.
12:15 of 2nd period - Slapshot by Andy Andreoff.
12:15 of 2nd period - Stopped by Laurent Brossoit with a rebound.
12:19 of 2nd period - Snap shot by Andrew Poturalski.
12:19 of 2nd period - Shot Misses the Net.
12:21 of 2nd period - Slapshot by Phillip Di Giuseppe.
12:21 of 2nd period - Shot Misses the Net.
12:23 of 2nd period - Snap shot by Phillip Di Giuseppe.
12:23 of 2nd period - Shot Misses the Net.
12:25 of 2nd period - Snap shot by Fredrik Karlstrom.
12:25 of 2nd period - Stopped by Laurent Brossoit without a rebound.
12:26 of 2nd period - Andrew Poturalski wins face-off versus Tristen Nielsen in Sarnia Sailors zone.
12:54 of 2nd period - Wrist shot by Dominic Toninato.
12:54 of 2nd period - Deflect By Lucas Edmonds.
12:54 of 2nd period - Shot Misses the Net.
12:54 of 2nd period - Puck is out of play.
12:55 of 2nd period - Mattias Janmark wins face-off versus Dominic Toninato in Tappara Tampere zone.
13:25 of 2nd period - Slapshot by Keegan Kolesar.
13:25 of 2nd period - Stopped by Alex Stalock with a rebound.
13:28 of 2nd period - Icing by Chad Ruhwedel.
13:29 of 2nd period - Andy Andreoff wins face-off versus Kevin Stenlund in Tappara Tampere zone.
13:54 of 2nd period - Wrist shot by Kent Johnson.
13:54 of 2nd period - Deflect By Kiefer Sherwood.
13:54 of 2nd period - Shot Misses the Net.
13:54 of 2nd period - Puck is out of play.
13:55 of 2nd period - Tristen Nielsen wins face-off versus Kent Johnson in Sarnia Sailors zone.
14:11 of 2nd period - Slapshot by Mattias Janmark.
14:11 of 2nd period - Shot Misses the Net.
14:19 of 2nd period - Cam York is hit by Jesse Puljujarvi.
14:27 of 2nd period - Wrist shot by Tristen Nielsen.
14:27 of 2nd period - Shot Blocked by Alex Goligoski.
14:29 of 2nd period - Wrist shot by Tristen Nielsen.
14:29 of 2nd period - Deflect By Kent Johnson.
14:29 of 2nd period - Stopped by Alex Stalock without a rebound.
14:30 of 2nd period - Kevin Stenlund wins face-off versus Andrew Poturalski in Tappara Tampere zone.
14:41 of 2nd period - Snap shot by Jaycob Megna.
14:41 of 2nd period - Stopped by Laurent Brossoit without a rebound.
14:42 of 2nd period - Kevin Stenlund wins face-off versus Andrew Poturalski in Sarnia Sailors zone.
14:44 of 2nd period - Keegan Kolesar and Cam York fight to a draw.
14:44 of 2nd period - Penalty to Keegan Kolesar for Fighting.
14:44 of 2nd period - Penalty to Cam York for Fighting.
14:45 of 2nd period - Kent Johnson wins face-off versus Kevin Stenlund in Sarnia Sailors zone.
14:57 of 2nd period - Off-side.
14:58 of 2nd period - Mattias Janmark wins face-off versus Kevin Stenlund in neutral zone.
15:29 of 2nd period - Icing by Phillip Di Giuseppe.
15:30 of 2nd period - Kevin Stenlund wins face-off versus Andrew Poturalski in Tappara Tampere zone.
15:33 of 2nd period - Slapshot by Jamie Drysdale.
15:33 of 2nd period - Stopped by Alex Stalock with a rebound.
15:43 of 2nd period - Wrist shot by Kevin Stenlund.
15:43 of 2nd period - Stopped by Alex Stalock without a rebound.
15:44 of 2nd period - Kent Johnson wins face-off versus Tristen Nielsen in Tappara Tampere zone.
15:44 of 2nd period - Kent Johnson is hit by Declan Chisholm.
15:47 of 2nd period - Declan Chisholm and Kiefer Sherwood fight to a draw.
15:47 of 2nd period - Penalty to Declan Chisholm for Fighting.
15:47 of 2nd period - Penalty to Kiefer Sherwood for Fighting.
15:48 of 2nd period - Kevin Stenlund wins face-off versus Kent Johnson in Tappara Tampere zone.
15:49 of 2nd period - Snap shot by Vasily Podkolzin.
15:49 of 2nd period - Stopped by Alex Stalock with a rebound.
15:55 of 2nd period - Vasily Podkolzin is hit by Mattias Janmark and loses puck.
16:24 of 2nd period - Snap shot by Jesse Puljujarvi.
16:24 of 2nd period - Stopped by Alex Stalock with a rebound.
17:37 of 2nd period - Andy Andreoff is hit by Lucas Edmonds and loses puck.
17:50 of 2nd period - Jamie Drysdale is hit by Jiri Kulich and loses puck.
17:59 of 2nd period - Wrist shot by Jiri Kulich.
17:59 of 2nd period - Shot Blocked by Brad Lambert.
18:01 of 2nd period - Slapshot by Urho Vaakanainen.
18:01 of 2nd period - Shot Blocked by Adam Ginning.
18:23 of 2nd period - Jack Rathbone is hit by Fredrik Karlstrom and loses puck.
19:26 of 2nd period - Zach Uens is hit by Jan Rutta and loses puck.
Goals for this period are 0 for Tappara Tampere vs 0 for Sarnia Sailors.
Shots for this period are 6 for Tappara Tampere vs 8 for Sarnia Sailors.
3rd period
0:01 of 3rd period - Kevin Stenlund wins face-off versus Andy Andreoff in neutral zone.
0:07 of 3rd period - Stefan Noesen beats up Jack Rathbone.
0:07 of 3rd period - Penalty to Jack Rathbone for Fighting.
0:07 of 3rd period - Penalty to Stefan Noesen for Fighting.
0:08 of 3rd period - Kent Johnson wins face-off versus Kevin Stenlund in Tappara Tampere zone.
0:10 of 3rd period - Adam Ginning and Jaycob Megna fight to a draw.
0:10 of 3rd period - Penalty to Adam Ginning for Fighting.
0:10 of 3rd period - Penalty to Jaycob Megna for Fighting.
0:11 of 3rd period - Kevin Stenlund wins face-off versus Kent Johnson in neutral zone.
1:21 of 3rd period - Zach Uens is hit by Cam York and loses puck.
2:31 of 3rd period - Wrist shot by Jiri Kulich.
2:31 of 3rd period - Shot Misses the Net.
2:33 of 3rd period - Slapshot by Cam York.
2:33 of 3rd period - Shot Misses the Net.
2:35 of 3rd period - Slapshot by Cam York.
2:35 of 3rd period - Stopped by Laurent Brossoit with a rebound.
2:37 of 3rd period - Snap shot by Logan O'Connor.
2:37 of 3rd period - Stopped by Laurent Brossoit with a rebound.
3:22 of 3rd period - Wrist shot by Brad Lambert.
3:22 of 3rd period - Stopped by Alex Stalock with a rebound.
3:24 of 3rd period - Wrist shot by Declan Chisholm.
3:24 of 3rd period - Stopped by Alex Stalock with a rebound.
3:26 of 3rd period - Wrist shot by Jesse Puljujarvi.
3:26 of 3rd period - Stopped by Alex Stalock without a rebound.
3:27 of 3rd period - Tristen Nielsen wins face-off versus Andy Andreoff in Tappara Tampere zone.
3:30 of 3rd period - Wrist shot by Jesse Puljujarvi.
3:30 of 3rd period - Shot Misses the Net.
3:36 of 3rd period - Andy Andreoff is hit by Tristen Nielsen and loses puck.
3:58 of 3rd period - Adam Erne is hit by Chad Ruhwedel and loses puck.
4:05 of 3rd period - Kent Johnson is hit by Tristen Nielsen and loses puck.
4:24 of 3rd period - Snap shot by Jesse Puljujarvi.
4:24 of 3rd period - Shot Misses the Net.
4:35 of 3rd period - Slapshot by Jesse Puljujarvi.
4:35 of 3rd period - Stopped by Alex Stalock with a rebound.
5:04 of 3rd period - Tristen Nielsen is hit by Kent Johnson and loses puck.
5:13 of 3rd period - Snap shot by Mattias Janmark.
5:13 of 3rd period - Stopped by Laurent Brossoit with a rebound.
5:15 of 3rd period - Wrist shot by Kiefer Sherwood.
5:15 of 3rd period - Stopped by Laurent Brossoit with a rebound.
5:17 of 3rd period - Snap shot by Kent Johnson.
5:17 of 3rd period - Goal by Kent Johnson - Tappara Tampere : 1 - Sarnia Sailors : 4.
5:18 of 3rd period - Andrew Poturalski wins face-off versus Kevin Stenlund in neutral zone.
5:25 of 3rd period - Slapshot by Andrew Poturalski.
5:25 of 3rd period - Stopped by Laurent Brossoit with a rebound.
5:27 of 3rd period - Wrist shot by Phillip Di Giuseppe.
5:27 of 3rd period - Deflect By Fredrik Karlstrom.
5:27 of 3rd period - Shot Misses the Net.
5:27 of 3rd period - Puck is out of play.
5:28 of 3rd period - Andrew Poturalski wins face-off versus Keegan Kolesar in Sarnia Sailors zone.
5:53 of 3rd period - Snap shot by Andrew Poturalski.
5:53 of 3rd period - Stopped by Laurent Brossoit with a rebound.
5:55 of 3rd period - Backhand shot by Fredrik Karlstrom.
5:55 of 3rd period - Shot Misses the Net.
6:02 of 3rd period - Minor Penalty to Alex Goligoski for Boarding.
6:03 of 3rd period - Stefan Noesen wins face-off versus Tristen Nielsen in Tappara Tampere zone.
6:18 of 3rd period - Icing by Jamie Drysdale.
6:19 of 3rd period - Stefan Noesen wins face-off versus Jesse Puljujarvi in Sarnia Sailors zone.
6:20 of 3rd period - Slapshot by Logan O'Connor.
6:20 of 3rd period - Shot Blocked by Jack Rathbone.
6:28 of 3rd period - Logan O'Connor is hit by Cole Reinhardt and loses puck.
6:50 of 3rd period - Jaycob Megna is hit by Jack Rathbone.
7:11 of 3rd period - Tristen Nielsen is hit by Logan O'Connor and loses puck.
8:02 of 3rd period - Penalty to Alex Goligoski is over, Alex Goligoski is back on ice.
8:14 of 3rd period - Snap shot by Mattias Janmark.
8:14 of 3rd period - Stopped by Laurent Brossoit without a rebound.
8:15 of 3rd period - Phillip Di Giuseppe wins face-off versus Laurent Dauphin in Sarnia Sailors zone.
8:20 of 3rd period - Wrist shot by Laurent Dauphin.
8:20 of 3rd period - Deflect By Lucas Edmonds.
8:20 of 3rd period - Stopped by Alex Stalock with a rebound.
8:22 of 3rd period - Snap shot by Laurent Dauphin.
8:22 of 3rd period - Stopped by Alex Stalock with a rebound.
8:24 of 3rd period - Slapshot by Zach Uens.
8:24 of 3rd period - Shot Misses the Net.
8:30 of 3rd period - Slapshot by Laurent Dauphin.
8:30 of 3rd period - Shot Misses the Net.
8:36 of 3rd period - Minor Penalty to Fredrik Karlstrom for Holding Stick.
8:37 of 3rd period - Tristen Nielsen wins face-off versus Stefan Noesen in Tappara Tampere zone.
8:42 of 3rd period - Snap shot by Vasily Podkolzin.
8:42 of 3rd period - Stopped by Alex Stalock with a rebound.
8:44 of 3rd period - Slapshot by Jack Rathbone.
8:44 of 3rd period - Stopped by Alex Stalock with a rebound.
8:50 of 3rd period - Wrist shot by Keegan Kolesar.
8:50 of 3rd period - Shot Misses the Net.
8:52 of 3rd period - Snap shot by Vasily Podkolzin.
8:52 of 3rd period - Stopped by Alex Stalock with a rebound.
9:21 of 3rd period - Snap shot by Andy Andreoff.
9:21 of 3rd period - Goal by Andy Andreoff - Tappara Tampere : 2 - Sarnia Sailors : 4.
9:22 of 3rd period - Tristen Nielsen wins face-off versus Mattias Janmark in neutral zone.
9:51 of 3rd period - Wrist shot by Jesse Puljujarvi.
9:51 of 3rd period - Shot Misses the Net.
9:53 of 3rd period - Snap shot by Kevin Stenlund.
9:53 of 3rd period - Stopped by Alex Stalock with a rebound.
10:36 of 3rd period - Penalty to Fredrik Karlstrom is over, Fredrik Karlstrom is back on ice.
10:53 of 3rd period - Slapshot by Mattias Janmark.
10:53 of 3rd period - Shot Blocked by Brad Lambert.
11:49 of 3rd period - Backhand shot by Zach Uens.
11:49 of 3rd period - Stopped by Alex Stalock with a rebound.
11:51 of 3rd period - Slapshot by Vasily Podkolzin.
11:51 of 3rd period - Shot Misses the Net.
11:53 of 3rd period - Snap shot by Kevin Stenlund.
11:53 of 3rd period - Stopped by Alex Stalock with a rebound.
11:55 of 3rd period - Snap shot by Keegan Kolesar.
11:55 of 3rd period - Stopped by Alex Stalock with a rebound.
12:14 of 3rd period - Slapshot by Jamie Drysdale.
12:14 of 3rd period - Deflect By Laurent Dauphin.
12:14 of 3rd period - Stopped by Alex Stalock without a rebound.
12:15 of 3rd period - William Eklund wins face-off versus Laurent Dauphin in Tappara Tampere zone.
12:38 of 3rd period - Kent Johnson is hit by Kevin Stenlund and loses puck.
13:02 of 3rd period - Jan Rutta is hit by Tristen Nielsen and loses puck.
13:32 of 3rd period - Stefan Noesen is hit by Zach Uens.
13:44 of 3rd period - Snap shot by Stefan Noesen.
13:44 of 3rd period - Deflect By Laurent Dauphin.
13:44 of 3rd period - Stopped by Laurent Brossoit with a rebound.
13:46 of 3rd period - Slapshot by Alex Goligoski.
13:46 of 3rd period - Stopped by Laurent Brossoit with a rebound.
13:48 of 3rd period - Slapshot by Alex Goligoski.
13:48 of 3rd period - Stopped by Laurent Brossoit with a rebound.
13:50 of 3rd period - Wrist shot by Andy Andreoff.
13:50 of 3rd period - Shot Misses the Net.
13:52 of 3rd period - Snap shot by Stefan Noesen.
13:52 of 3rd period - Stopped by Laurent Brossoit with a rebound.
13:54 of 3rd period - Snap shot by Cam York.
13:54 of 3rd period - Shot Blocked by Robert Hamilton.
13:56 of 3rd period - Slapshot by Jaycob Megna.
13:56 of 3rd period - Stopped by Laurent Brossoit with a rebound.
14:02 of 3rd period - Snap shot by Logan O'Connor.
14:02 of 3rd period - Shot Blocked by Robert Hamilton.
14:04 of 3rd period - Slapshot by Jaycob Megna.
14:04 of 3rd period - Shot Blocked by Brad Lambert.
14:06 of 3rd period - Snap shot by Logan O'Connor.
14:06 of 3rd period - Stopped by Laurent Brossoit with a rebound.
14:08 of 3rd period - Wrist shot by Andy Andreoff.
14:08 of 3rd period - Stopped by Laurent Brossoit without a rebound.
14:09 of 3rd period - Andrew Poturalski wins face-off versus Kevin Stenlund in Sarnia Sailors zone.
14:10 of 3rd period - Wrist shot by Phillip Di Giuseppe.
14:10 of 3rd period - Shot Hit the Post.
14:14 of 3rd period - Wrist shot by Phillip Di Giuseppe.
14:14 of 3rd period - Stopped by Laurent Brossoit without a rebound.
14:15 of 3rd period - Andrew Poturalski wins face-off versus Kevin Stenlund in Sarnia Sailors zone.
14:22 of 3rd period - Slapshot by Phillip Di Giuseppe.
14:22 of 3rd period - Stopped by Laurent Brossoit without a rebound.
14:23 of 3rd period - Kevin Stenlund wins face-off versus Andrew Poturalski in Sarnia Sailors zone.
14:30 of 3rd period - Backhand shot by Keegan Kolesar.
14:30 of 3rd period - Stopped by Alex Stalock with a rebound.
14:32 of 3rd period - Snap shot by Jack Rathbone.
14:32 of 3rd period - Deflect By Kevin Stenlund.
14:32 of 3rd period - Shot Misses the Net.
14:32 of 3rd period - Puck is out of play.
14:33 of 3rd period - Kevin Stenlund wins face-off versus Phillip Di Giuseppe in Tappara Tampere zone.
14:34 of 3rd period - Snap shot by Keegan Kolesar.
14:34 of 3rd period - Stopped by Alex Stalock with a rebound.
15:02 of 3rd period - Wrist shot by Vasily Podkolzin.
15:02 of 3rd period - Stopped by Alex Stalock with a rebound.
15:10 of 3rd period - Wrist shot by Kevin Stenlund.
15:10 of 3rd period - Stopped by Alex Stalock without a rebound.
15:11 of 3rd period - Andy Andreoff wins face-off versus Dominic Toninato in Tappara Tampere zone.
15:32 of 3rd period - Minor Penalty to Cole Reinhardt for Hooking.
15:33 of 3rd period - Kevin Stenlund wins face-off versus Logan O'Connor in Sarnia Sailors zone.
16:06 of 3rd period - Adam Ginning is hit by Kent Johnson and loses puck.
17:32 of 3rd period - Penalty to Cole Reinhardt is over, Cole Reinhardt is back on ice.
17:45 of 3rd period - Slapshot by Jaycob Megna.
17:45 of 3rd period - Deflect By Tristen Nielsen.
17:45 of 3rd period - Stopped by Laurent Brossoit without a rebound.
17:46 of 3rd period - Andrew Poturalski wins face-off versus Jesse Puljujarvi in Sarnia Sailors zone.
18:15 of 3rd period - Urho Vaakanainen is hit by Zach Uens and loses puck.
18:30 of 3rd period - Lucas Edmonds is hit by Urho Vaakanainen and loses puck.
18:51 of 3rd period - Snap shot by Keegan Kolesar.
18:51 of 3rd period - Stopped by Alex Stalock without a rebound.
18:52 of 3rd period - Kevin Stenlund wins face-off versus Andrew Poturalski in Tappara Tampere zone.
18:53 of 3rd period - Wrist shot by Vasily Podkolzin.
18:53 of 3rd period - Stopped by Alex Stalock without a rebound.
18:54 of 3rd period - Kevin Stenlund wins face-off versus Andrew Poturalski in Tappara Tampere zone.
19:19 of 3rd period - Phillip Di Giuseppe is hit by Declan Chisholm and loses puck.
19:30 of 3rd period - Wrist shot by Andrew Poturalski.
19:30 of 3rd period - Shot Blocked by Adam Ginning.
19:32 of 3rd period - Slapshot by Jaycob Megna.
19:32 of 3rd period - Stopped by Laurent Brossoit with a rebound.
19:34 of 3rd period - Snap shot by Andrew Poturalski.
19:34 of 3rd period - Shot Misses the Net.
19:36 of 3rd period - Slapshot by Phillip Di Giuseppe.
19:36 of 3rd period - Stopped by Laurent Brossoit with a rebound.
19:38 of 3rd period - Wrist shot by Fredrik Karlstrom.
19:38 of 3rd period - Stopped by Laurent Brossoit with a rebound.
19:40 of 3rd period - Snap shot by Phillip Di Giuseppe.
19:40 of 3rd period - Stopped by Laurent Brossoit with a rebound.
19:42 of 3rd period - Snap shot by Andrew Poturalski.
19:42 of 3rd period - Shot Misses the Net.
19:44 of 3rd period - Slapshot by Chad Ruhwedel.
19:44 of 3rd period - Shot Blocked by Adam Ginning.
19:48 of 3rd period - Wrist shot by Andrew Poturalski.
19:48 of 3rd period - Stopped by Laurent Brossoit with a rebound.
19:50 of 3rd period - Snap shot by Andrew Poturalski.
19:50 of 3rd period - Shot Blocked by Vasily Podkolzin.
19:52 of 3rd period - Snap shot by Jaycob Megna.
19:52 of 3rd period - Shot Blocked by Keegan Kolesar.
19:54 of 3rd period - Wrist shot by Phillip Di Giuseppe.
19:54 of 3rd period - Stopped by Laurent Brossoit without a rebound.
19:55 of 3rd period - Brad Lambert wins face-off versus Kent Johnson in Sarnia Sailors zone.
19:57 of 3rd period - Minor Penalty to Cole Reinhardt for Tripping.
19:58 of 3rd period - Kevin Stenlund wins face-off versus Stefan Noesen in Sarnia Sailors zone.
19:58 of 3rd period - Kevin Stenlund is hit by Alex Goligoski.
Goals for this period are 2 for Tappara Tampere vs 0 for Sarnia Sailors.
Shots for this period are 25 for Tappara Tampere vs 20 for Sarnia Sailors.
Back to the Top